[Event "Benidorm Open-B 2022"]
[Site "Benidorm"]
[Date "2022.12.08"]
[Round "6.12"]
[White "Gomez Fernandez, Fulgencio"]
[Black "Martin Martin, Luis Vicente"]
[Result "1-0"]
[ECO "D00"]
[WhiteElo "1727"]
[BlackElo "1907"]
[Annotator "TA"]
[PlyCount "63"]
[EventDate "2022.12.03"]
[EventType "swiss"]
[EventCountry "ESP"]
[SourceTitle "playchess.com"]
[Source "ChessBase"]
[SourceQuality "1"]
[TimeControl "5400+30"]

1. d4 d5 2. Bf4 Nf6 3. e3 c5 4. c3 Nc6 5. Nf3 Qb6 6. Na3 {[%cal Bb1a3,Ba3b5,Bb5c7][%mdl 32] Threatens to win with Nb5. D02: 1 d4 d5 2 Nf3 sidelines, including 2...Nf6 3 g3 and 2...Nf6 3 Bf4.} a6 {Inhibits Nb5.} (6... Qxb2 {looks sharper.} 7. Nb5 Ne4 8. Bg3 c4) 7. Qb3 Qxb3 (7... Qd8 $11) 8. axb3 $14 {[%cal Oa3b5] And now Nb5! would win. White is slightly better.} Bf5 ({Better is} 8... Bg4 $1 $14) 9. dxc5 $16 {[#]} e6 $146 ({Predecessor:} 9... Na5 10. Nd4 Bd7 11. b4 Nc6 12. Nxc6 Bxc6 13. Nb5 Rd8 14. Nc7+ Kd7 15. b5 axb5 16. Nxb5 {0-1 (34) Nigro Monasterios,N (1541)-Mejias Veliz,E (2060) Carabobo 2019}) 10. Nb5 Rd8 (10... Kd7 $16) 11. Nc7+ $18 Kd7 {[#]} 12. b4 (12. Nxa6 $142 $1 {[%cal Of1b5][%mdl 512] Bb5! is the strong threat.} Ra8 (12... bxa6 13. Rxa6) 13. Bb5 $1 Rxa6 14. Ne5+ (14. Bxa6 bxa6 15. Rxa6 Bxc5 $18) 14... Kc8 15. Rxa6 (15. Bxa6 Nxe5 16. Bxe5 Nd7 $16) 15... bxa6 16. Bxc6 (16. Bxa6+ Kc7 $16)) 12... Nh5 {[#]} 13. Nxa6 $1 {[%cal Ob4b5][%mdl 512] Strongly threatening b5!} Nxf4 (13... bxa6 14. Rxa6) 14. exf4 {[%cal Of1b5] Hoping for Bb5!} Ra8 (14... bxa6 $142 15. Rxa6 Rb8) 15. b5 bxa6 16. bxc6+ Kxc6 17. b4 (17. Bxa6 Kc7 $14) 17... Be7 (17... Kc7 {was worth a try.} 18. Ra5 (18. Bxa6 Bd3 $11) (18. Rxa6 Be7 $16) 18... Be4) 18. Nd4+ ({Not} 18. Rxa6+ Rxa6 19. Bxa6 Ra8 $14) 18... Kb7 19. Nxf5 exf5 20. Bd3 {Prevents a5.} ({White should play} 20. g3 $18) 20... g6 21. Kd2 a5 22. Rhb1 ({Resist} 22. bxa5 Bxc5 23. Rhb1+ Kc7 $16) (22. Rhe1 $18 Bd8 23. Bb5) 22... Kc7 23. Be2 axb4 24. cxb4 {aiming for Kc2.} Rhb8 {[#]} (24... Bf6 $16 25. Rxa8 Rxa8) 25. Rxa8 (25. Ba6 $1 $18) 25... Rxa8 {[%mdl 4096] Endgame KRB-KRB} 26. Kc3 Ra2 27. Bf3 {Black must now prevent Kb3.} Kc6 $2 {Loses the game.} (27... Bf6+ $16 28. Kb3 Rd2) 28. Kb3 Rd2 29. Ra1 Bd8 $2 (29... Rd3+ {was called for.} 30. Kc2 Rc3+ 31. Kb2 Rd3 32. Ra6+ Kb5) 30. Ra6+ {White is clearly winning.} Kb7 31. Rd6 Bc7 (31... Kc8 $142 32. Bxd5 Rxf2) 32. Rxd5 {Weighted Error Value: White=0.23 (precise) /Black=0.51} 1-0

[Event "Benidorm Open-B 2022"]
[Site "Benidorm"]
[Date "2022.12.08"]
[Round "6.13"]
[White "Prieto, Alberto"]
[Black "Garcia Bueno, Juan Pablo"]
[Result "1-0"]
[ECO "A00"]
[WhiteElo "1886"]
[BlackElo "1788"]
[Annotator "NA RC COMBH"]
[PlyCount "51"]
[EventDate "2022.12.03"]
[EventType "swiss"]
[EventCountry "ESP"]
[SourceTitle "playchess.com"]
[Source "ChessBase"]
[SourceQuality "1"]
[TimeControl "5400+30"]

1. h3 d5 2. d4 Nf6 3. Nf3 g6 4. Bf4 Bg7 5. e3 O-O 6. c4 c5 7. Nc3 cxd4 8. exd4 Nc6 9. c5 b6 10. Bb5 Bb7 11. Qa4 Qc8 12. Ne5 Nxe5 13. dxe5 a6 14. c6 axb5 15. cxb7 Qxb7 16. Qxb5 Ra5 17. Qd3 Nd7 18. b4 Ra3 19. Qd4 Rxc3 20. Qxc3 Rc8 21. Qe3 Nxe5 22. Bxe5 Rc4 23. f3 d4 24. Qd3 Qd5 25. Bxg7 Rc3 26. Qxd4 1-0

[Event "Benidorm Open-B 2022"]
[Site "Benidorm"]
[Date "2022.12.08"]
[Round "6.14"]
[White "Suriya S V"]
[Black "Sanabria Taskila, Jenny Maria"]
[Result "0-1"]
[ECO "C55"]
[WhiteElo "1455"]
[BlackElo "1852"]
[Annotator "NA RC COMBH"]
[PlyCount "110"]
[EventDate "2022.12.03"]
[EventType "swiss"]
[EventCountry "ESP"]
[SourceTitle "playchess.com"]
[Source "ChessBase"]
[SourceQuality "1"]
[TimeControl "5400+30"]

1. e4 e5 2. Nf3 Nc6 3. d4 exd4 4. Bc4 Nf6 5. O-O d6 6. Nxd4 Nxd4 7. Qxd4 Be7 8. Nc3 O-O 9. h3 Be6 10. Nd5 Nxd5 11. exd5 Bf5 12. c3 Bf6 13. Qd1 a6 14. f4 Qd7 15. Bd3 Rae8 16. g4 Be4 17. Bxe4 Rxe4 18. Qd3 Rfe8 19. g5 Bd8 20. Bd2 c6 21. Rf3 Bb6+ 22. Kf1 Qf5 23. dxc6 Qc5 24. Kg2 Qxc6 25. Kg3 d5 26. Rd1 h6 27. Bc1 hxg5 28. fxg5 Bc7+ 29. Rf4 Bxf4+ 30. Bxf4 Re2 31. Qf3 Rxb2 32. Rf1 Rxa2 33. Be5 Qc5 34. Bc7 Qe3 35. Bb6 Qxg5+ $19 ({Stronger than} 35... Qxb6 36. Qxf7+ Kh8 37. Qxe8+ Kh7 38. Qh5+ Kg8 39. Qf7+ Kh7 40. Qh5+ Kg8 41. Qf7+ Kh7 42. Qh5+ $11) 36. Qg4 Qxg4+ 37. hxg4 Ree2 38. Bd4 b5 39. Rf5 Rg2+ 40. Kf3 Rgc2 41. Kf4 Rf2+ 42. Bxf2 Rxf2+ 43. Ke5 Rxf5+ 44. gxf5 a5 45. Kxd5 a4 46. c4 bxc4 47. Kxc4 Kh7 48. Kb4 Kh6 49. f6 g5 50. Kxa4 g4 51. Kb4 g3 52. Kc5 g2 53. Kd6 g1=Q 54. Ke7 Kg6 55. Kf8 Kxf6 0-1

[Event "Benidorm Open-B 2022"]
[Site "Benidorm"]
[Date "2022.12.08"]
[Round "6.15"]
[White "Place, Nicholas"]
[Black "Hellmann, Thomas"]
[Result "1-0"]
[ECO "B00"]
[WhiteElo "1967"]
[BlackElo "1771"]
[Annotator "TA"]
[PlyCount "35"]
[EventDate "2022.12.03"]
[EventType "swiss"]
[EventCountry "ESP"]
[SourceTitle "playchess.com"]
[Source "ChessBase"]
[SourceQuality "1"]
[TimeControl "5400+30"]

1. e4 d6 2. d4 Nf6 3. Nc3 e5 4. Nf3 exd4 5. Nxd4 Be7 6. Bf4 O-O {C41: Philidor Defence.} 7. Be2 a6 8. Qd3 {[#]} b5 $146 {The position is equal.} ({Predecessor:} 8... Re8 9. O-O-O Nc6 10. Kb1 Nxd4 11. Qxd4 Be6 12. f3 b5 13. Qd2 c5 14. Bxd6 Bxd6 15. Qxd6 {1-0 (75) Debashis,D (2478)-Hedke,F (2266) Bad Wiessee 2016}) 9. a3 Bd7 10. Qg3 ({Better is} 10. Nf5 $14) 10... Re8 11. Bf3 {Threatening 0-0-0.} Ra7 ({Black should play} 11... c5 $11 12. Nf5 Bxf5 13. exf5 Bf8+ 14. Be3 Nbd7) 12. h4 {White has more active pieces. The black rooks are badly placed.} (12. O-O $14) 12... Nc6 $2 (12... c5 $1 $11 {and Black stays safe.} 13. Nb3 b4 14. axb4 cxb4) 13. Nxc6 $18 Bxc6 14. O-O-O $40 {[%mdl 128] [#] Threatens to win with e5. White is out for blood.} Qc8 $2 {This move loses the game for Black.} (14... Qa8 $16 {was necessary.}) 15. e5 dxe5 16. Bh6 ({Weaker is} 16. Bxc6 exf4 17. Qxf4 Rf8 $18) ({Not} 16. Bxe5 Bxf3 17. gxf3 g6 $14) 16... Bf8 (16... Nh5 $142 17. Bxh5 Bf8) 17. Bxc6 Re6 18. Be3 {Weighted Error Value: White=0.25 (precise) /Black=0.65} 1-0

[Event "Benidorm Open-B 2022"]
[Site "Benidorm"]
[Date "2022.12.08"]
[Round "7.1"]
[White "Pedraza Fernandez, Miguel Angel"]
[Black "Goktepe, Derin"]
[Result "0-1"]
[ECO "E34"]
[WhiteElo "1784"]
[BlackElo "1828"]
[Annotator "NA RC COMBH"]
[PlyCount "58"]
[EventDate "2022.12.03"]
[EventType "swiss"]
[EventCountry "ESP"]
[SourceTitle "playchess.com"]
[Source "ChessBase"]
[SourceQuality "1"]
[TimeControl "5400+30"]

1. d4 Nf6 2. c4 e6 3. Nc3 Bb4 4. Qc2 d5 5. Nf3 h6 6. a3 Bxc3+ 7. Qxc3 O-O 8. Bf4 b6 9. h3 Bb7 10. e3 Nbd7 11. Bd3 c5 12. O-O cxd4 13. exd4 dxc4 14. Bxc4 Rc8 15. Qd3 Bxf3 16. gxf3 Nh5 17. Be3 Qh4 18. Kg2 Rfd8 19. Qe2 Ndf6 20. Rfd1 Rd6 21. Rd2 Nd5 22. Bxd5 exd5 23. Rh1 Re6 24. Qd3 Rxe3 25. Qxe3 Nf4+ 26. Kf1 Rc1+ 27. Qe1 Rxe1+ 28. Kxe1 Qh5 29. Rg1 Qxf3 0-1

[Event "Benidorm Open-B 2022"]
[Site "Benidorm"]
[Date "2022.12.08"]
[Round "7.2"]
[White "Tsiapko, Andrii"]
[Black "Pajuelo Morales, Raul"]
[Result "1/2-1/2"]
[ECO "A48"]
[WhiteElo "1619"]
[BlackElo "1890"]
[Annotator "NA RC COMBH"]
[PlyCount "85"]
[EventDate "2022.12.03"]
[EventType "swiss"]
[EventCountry "ESP"]
[SourceTitle "playchess.com"]
[Source "ChessBase"]
[SourceQuality "1"]
[TimeControl "5400+30"]

1. d4 Nf6 2. Nf3 g6 3. Nbd2 Bg7 4. e4 d6 5. Bc4 O-O 6. O-O c5 7. dxc5 dxc5 8. e5 Ng4 9. e6 f5 10. Qe2 Nc6 11. Nb3 b6 12. c3 Qc7 13. h3 Nf6 14. Bg5 h6 15. Bxf6 Bxf6 16. Rad1 Ne5 17. Bd5 Rb8 18. Rfe1 Nxf3+ 19. Qxf3 Bb7 20. Bxb7 Qxb7 21. Qg3 Kg7 22. Rd7 Qc6 23. Rxa7 Rbd8 24. h4 h5 25. a4 Rd6 26. Qe3 Rfd8 27. a5 Qb5 28. Nc1 bxa5 29. Rc7 Qxb2 30. Rxc5 a4 31. Ne2 Qd2 32. Qxd2 Rxd2 33. Ra5 Ra2 34. Nd4 Bxd4 35. cxd4 Rd2 36. Rxa4 R2xd4 37. Ra7 Kf6 38. g3 Rd1 39. Ra1 Rxa1 40. Rxa1 Kxe6 41. Kg2 Rd6 42. Kf3 Kf6 43. Ke3 1/2-1/2

[Event "Benidorm Open-B 2022"]
[Site "Benidorm"]
[Date "2022.12.08"]
[Round "7.3"]
[White "Saez Gabikagogeaskoa, Oscar"]
[Black "Rios Garcia, Miguel"]
[Result "1-0"]
[ECO "B78"]
[WhiteElo "1941"]
[BlackElo "1829"]
[Annotator "TA"]
[PlyCount "65"]
[EventDate "2022.12.03"]
[EventType "swiss"]
[EventCountry "ESP"]
[SourceTitle "playchess.com"]
[Source "ChessBase"]
[SourceQuality "1"]
[TimeControl "5400+30"]

1. e4 c5 2. Nf3 d6 3. d4 cxd4 4. Nxd4 Nf6 5. Nc3 g6 6. Be3 Bg7 7. f3 O-O 8. Qd2 Nc6 9. Bc4 Bd7 10. O-O-O Rc8 11. Bb3 Ne5 12. g4 b5 $1 {White should prevent ...b4. was the old line (12...Nc4).} 13. Kb1 {B78: Sicilian Dragon: Yugoslav Attack, 9 Bc4 Bd7 10 0-0-0 Rc8.} (13. g5 $11 b4 14. Nb1 (14. gxf6 bxc3 15. bxc3 Bxf6 $17)) 13... a5 {[%cal Ba7a5,Ba5a4][%mdl 32] [#] And now ...a4 would win.} 14. a3 a4 {Against h4. Threatens to win with ...b4.} 15. Ba2 $1 {[#] The position is equal.} Nc4 $146 {Against h4} (15... b4 $11 {remains equal.} 16. axb4 a3) ({Predecessor:} 15... b4 16. axb4 a3 17. bxa3 Nxf3 18. Nxf3 Rxc3 19. Qxc3 Nxe4 20. Qb3 Nc3+ 21. Kc1 Be6 22. Qxe6 fxe6 23. Bxe6+ {0-1 (49) Rivest,J (1971)-Cote Lalumiere,T (1878) Montreal 2010}) 16. Bxc4 $16 Rxc4 17. Na2 {Inhibits b4. White is more active.} (17. Ncxb5 Qb6 18. b3 axb3 19. cxb3 Bxb5 $17) (17. Ndxb5 $6 Bxb5 18. Nxb5 Qb8 $15) 17... Qb8 18. Nb4 Be6 (18... Qc7 $142) 19. h4 h5 20. gxh5 ({Better is} 20. Rdg1) 20... Nxh5 21. Rhg1 Qc8 (21... Kh7 $142) 22. Rg5 ({Much less strong is} 22. Nxb5 Qd7 $16) 22... Rc5 $2 (22... Kh7 $16 {was called for.} 23. Rxb5 (23. Nxb5 Bf6 $16) 23... Bd7) 23. Nxe6 $18 ({Less strong is} 23. Nxb5 Rxg5 24. Bxg5 (24. hxg5 Bc4 $16) 24... Re8 $16) 23... Qxe6 24. Nd5 {Inhibits Qf6.} (24. Bxc5 $142 dxc5 25. Rxc5) 24... Bh6 (24... Rc6 $142 25. Rdg1 Rfc8) 25. Bxc5 Bxg5 26. Qxg5 dxc5 27. Nxe7+ Kh7 {[#]} 28. Nf5 $1 {[%cal Od1g1][%mdl 512] Hoping for Rg1!} Qf6 (28... Rb8 29. Rd6) 29. Qh6+ Kg8 30. Rd6 {Inhibits Rd8.} Qe5 31. Qg5 {aiming for Nh6+.} Re8 $2 (31... Kh7 32. Qh6+ Kg8) 32. Rd7 Rf8 33. Nh6+ {Weighted Error Value: White=0.21 (precise) /Black=0.54} 1-0

[Event "Benidorm Open-B 2022"]
[Site "Benidorm"]
[Date "2022.12.08"]
[Round "7.4"]
[White "Sai Hrushikesh Simhdri"]
[Black "Mallevaey, Guillaume"]
[Result "1-0"]
[ECO "B12"]
[WhiteElo "1460"]
[BlackElo "1761"]
[Annotator "NA RC COMBH"]
[PlyCount "95"]
[EventDate "2022.12.03"]
[EventType "swiss"]
[EventCountry "ESP"]
[SourceTitle "playchess.com"]
[Source "ChessBase"]
[SourceQuality "1"]
[TimeControl "5400+30"]

1. e4 c6 2. d4 d5 3. e5 Bf5 4. Nf3 e6 5. Be2 c5 6. O-O Nc6 7. Be3 cxd4 8. Nxd4 Nge7 9. c4 Nxd4 10. Bxd4 Nc6 11. cxd5 Qxd5 12. Bf3 Be4 13. Bxe4 Qxe4 14. Bc3 Bc5 15. Nd2 Qf4 16. Qb3 O-O 17. Qxb7 Nxe5 18. Qe4 Ng6 19. Qe2 Rad8 20. g3 Qf5 21. Ne4 Bb6 22. a4 Rd5 23. a5 Bc7 24. b4 Rfd8 25. Rac1 Bb8 26. Nc5 h5 27. Rcd1 h4 28. Rxd5 Qxd5 29. f4 Bd6 30. Ne4 Bxb4 31. Bxb4 Qd4+ 32. Kg2 Qxb4 33. Kh3 Qxa5 34. f5 exf5 35. Qh5 Rd5 36. Ng5 hxg3 37. hxg3 Qd8 38. Re1 Rd6 39. Qh7+ Kf8 40. Qh5 f4 41. Rf1 Rd5 42. Ne6+ fxe6 43. Qxg6 Rf5 44. Qxe6 Rh5+ 45. Kg2 Qd2+ 46. Kf3 Qe3+ 47. Qxe3 fxe3 48. Kg4+ 1-0

[Event "Benidorm Open-B 2022"]
[Site "Benidorm"]
[Date "2022.12.08"]
[Round "7.5"]
[White "Palao, Adriana"]
[Black "Prieto, Alberto"]
[Result "1-0"]
[ECO "B00"]
[WhiteElo "1972"]
[BlackElo "1886"]
[Annotator "TA"]
[PlyCount "113"]
[EventDate "2022.12.03"]
[EventType "swiss"]
[EventCountry "ESP"]
[SourceTitle "playchess.com"]
[Source "ChessBase"]
[SourceQuality "1"]
[TimeControl "5400+30"]

1. e4 g5 2. d4 h6 3. Nc3 d6 4. h4 gxh4 {[#]} 5. Rxh4 $146 ({Predecessor:} 5. Bc4 a6 6. Rxh4 e6 7. Rh1 b5 8. Bd3 Bb7 9. Be3 Bg7 10. Qg4 Bf6 11. O-O-O {1-0 (26) Lewtak,D (2385)-Pham,L (2369) Chess.com INT 2022}) 5... e5 6. Rh1 {B00: Queen's Fianchetto Defence, Nimzowitsch Defence.} Nc6 7. d5 Nd4 8. Be3 {White is better.} Bg7 9. Nb5 (9. Nge2 $142) 9... Nxb5 $16 10. Bxb5+ Bd7 11. Qg4 Bxb5 12. Qxg7 Qf6 13. Qxf6 {White has more active pieces.} Nxf6 14. f3 h5 15. Rc1 b6 16. c4 Bd7 17. g4 (17. Kf2 $16) 17... Ke7 18. g5 Ne8 19. Rh4 f6 20. Ne2 fxg5 21. Bxg5+ Nf6 22. Ng3 (22. Rh2 $14) 22... Rag8 $11 23. Bxf6+ Kxf6 24. Kf2 Rg5 25. Rch1 Be8 26. Nf5 Bd7 27. Ne3 Kg7 28. f4 exf4 29. Rxf4 Rh6 30. Kf3 Bg4+ ({Black should play} 30... a5 $11) 31. Nxg4 $14 Rxg4 {[%mdl 4096] Endgame KRR-KRR} 32. Rf5 Rhg6 33. Rfxh5 ({Much weaker is} 33. Rhxh5 Rg3+ 34. Ke2 R6g4 $11) 33... Rg3+ 34. Kf4 Rg2 ({Better is} 34... Kf6 $14 35. R5h4 Rg2) 35. Rh7+ $18 Kf6 {[#]} 36. R1h2 ({Inferior is} 36. Rxc7 R6g4+ 37. Kf3 R4g3+ 38. Kf4 Rg4+ 39. Kf3 R4g3+ 40. Kf4 Rg4+ $11) (36. R1h3 $1 $18) 36... R2g3 37. R7h6 {Rxg6+ is the strong threat.} (37. Rxc7 $2 R6g4#) 37... R3g4+ 38. Ke3 $1 {Threatens to win with Rxg6+.} Rg3+ 39. Kd4 Rf3 $2 (39... Rxh6 $14 40. Rxh6+ Ke7) 40. Rxg6+ ({Weaker is} 40. Rh7 Rgg3 41. Rd2 (41. Rxc7 $2 Rd3#) 41... Rg7 42. Rxg7 Kxg7 $16) 40... Kxg6 {KR-KR} 41. Rg2+ (41. Rh8 $18 {is more deadly.}) 41... Kf7 42. b4 a5 $2 (42... Rf1 $16) 43. bxa5 bxa5 44. Rb2 {And now Rb7 would win.} Ke7 {[#]} 45. Rb3 $2 (45. c5 $1 $18 ) 45... Rf8 $2 (45... Rf1 $16 {might work better.} 46. Ra3 Rd1+ 47. Kc3 Rc1+ 48. Kb3 Rb1+ 49. Kc3 Rc1+ 50. Kd4 Rd1+ 51. Ke3 Rc1 52. Rxa5 Rxc4) 46. Rb7 Rf3 $2 (46... Kd7 47. Ra7 Rf1 48. Rxa5 Rd1+ 49. Ke3 Re1+ 50. Kf3 Rf1+ 51. Ke3 Re1+ 52. Kd3 Rd1+ 53. Ke3 Re1+) 47. Rxc7+ Kd8 48. Rc6 Kd7 49. c5 Ra3 50. Rxd6+ {White mates.} Kc7 51. Rh6 Rxa2 52. Rh7+ Kb8 53. c6 Rc2 54. c7+ Kb7 55. d6 a4 56. Rh8 a3 57. Rb8+ {Weighted Error Value: White=0.18 (very precise) /Black=0.36} 1-0

[Event "Benidorm Open-B 2022"]
[Site "Benidorm"]
[Date "2022.12.08"]
[Round "7.6"]
[White "Millward, Kevin P"]
[Black "Swapna C N"]
[Result "1/2-1/2"]
[ECO "D01"]
[WhiteElo "1928"]
[BlackElo "1481"]
[Annotator "TA"]
[PlyCount "116"]
[EventDate "2022.12.03"]
[EventType "swiss"]
[EventCountry "ESP"]
[SourceTitle "playchess.com"]
[Source "ChessBase"]
[SourceQuality "1"]
[TimeControl "5400+30"]

1. d4 d5 2. Nc3 Nf6 3. Bf4 a6 4. e3 Bf5 5. h3 {[#]} h5 $146 ({Predecessor:} 5... e6 6. Nf3 c5 7. Bd3 Bg6 8. Bxg6 hxg6 9. O-O Nc6 10. a3 Bd6 11. dxc5 Bxc5 {0-1 (22) Jia,H (2331)-Shimanov,A (2581) Chess.com INT 2022}) 6. Bd3 {D00: 1 d4 d5: Unusual lines.} Bxd3 7. Qxd3 e6 8. e4 {The position is equal.} c5 9. dxc5 Nc6 10. exd5 Nb4 (10... Nxd5 {simplifies} 11. Nxd5 Qxd5 12. Qxd5 exd5 13. Nf3 O-O-O) 11. Qd2 {d6 is the strong threat.} (11. Qe2 $5 Nfxd5 12. O-O-O $16) 11... Nfxd5 12. Nxd5 (12. Bg5 {looks sharper.} Qc7 13. Nf3 Nxc3 14. bxc3 Nd5 15. c4) 12... Nxd5 13. Bd6 Bxd6 14. cxd6 Qxd6 15. O-O-O Qc6 (15... Rc8 $15 {should be considered.}) 16. Ne2 O-O-O 17. Kb1 Rd7 18. Nf4 {[#]} (18. Qg5 $11 {remains equal.}) 18... Rhd8 (18... Nxf4 $1 $17 19. Qxf4 Qxg2) 19. Nxd5 $4 (19. Nd3 $15) 19... Rxd5 $19 20. Qc1 Qd6 $2 {Inhibits f3.} (20... Rxd1 $19 21. Rxd1 Rxd1 22. Qxd1 Qxg2) 21. Rxd5 $15 Qxd5 {[%mdl 4096] Endgame KQR-KQR} 22. a3 (22. Rg1 $15) 22... b5 (22... Qxg2 $17 23. Rg1 Qxh3 24. Rxg7 Qf5) 23. Qe3 (23. g4 $11) 23... Kb7 ({Better is} 23... Qxg2 $17 24. Qc5+ Kb7 25. Qe7+ Kc6) 24. Re1 (24. Rg1 $11) 24... Qd2 (24... Qxg2 $17 25. a4 g6) 25. Qe4+ Rd5 26. Re2 Qd1+ 27. Ka2 Kb6 28. Qe3+ Qd4 (28... Kc6 {is more complex.} 29. Qe4 Kd7 30. a4 g5) 29. Qxd4+ Rxd4 $11 {KR-KR} 30. Kb3 a5 31. Kc3 Kc5 32. Re5+ Rd5 33. Re4 {Against b4+} g5 34. b4+ axb4+ 35. Rxb4 e5 (35... Rf5 $5 36. f3 Rf4 $11) 36. a4 bxa4 37. Rxa4 Rd1 38. Ra7 f6 39. Rf7 Rd6 40. Rc7+ Kd5 41. Kd3 Ke6+ 42. Ke2 h4 43. g4 hxg3 44. fxg3 Kf5 45. Rc4 Ke6 46. g4 f5 47. Ke3 (47. gxf5+ $11 Kxf5 48. Rc3) 47... Kd5 $19 48. Ra4 f4+ 49. Kd3 {[#]} Kc5+ $1 50. Kc3 $2 ({Reject} 50. Ke4 Rd1 51. Ra5+ (51. Kxe5 $2 {too greedy.} f3 $19) 51... Kb4 $19) (50. Ke2 Rd4 51. Ra5+ Kd6 52. Ra6+ Kd5 53. Ra3 (53. Rg6 $2 Re4+ 54. Kf1 Re3 $19)) 50... Rd1 {White must now prevent ...f3.} 51. Ra5+ Kd6 {Strongly threatening ...f3.} 52. Kc4 Rd4+ 53. Kc3 Rd1 54. Kc4 Rd4+ 55. Kc3 Rd1 $2 ({Black should try} 55... f3 $19 56. Rb5 Ke6) 56. Ra6+ $2 (56. Kc4 $11 e4 57. Ra8) 56... Kd5 57. Ra5+ Kd6 58. Ra6+ Kd5 $2 {Weighted Error Value: White=0.71/Black=0.61} (58... Ke7 $19 59. Ra4 f3 60. Ra7+ Ke6 61. Ra6+ Kd5) 1/2-1/2

[Event "Benidorm Open-B 2022"]
[Site "Benidorm"]
[Date "2022.12.08"]
[Round "7.7"]
[White "Sanabria Taskila, Jenny Maria"]
[Black "Lopez de Turiso, Jose Angel"]
[Result "1/2-1/2"]
[ECO "B30"]
[WhiteElo "1852"]
[BlackElo "1885"]
[Annotator "NA RC COMBH"]
[PlyCount "60"]
[EventDate "2022.12.03"]
[EventType "swiss"]
[EventCountry "ESP"]
[SourceTitle "playchess.com"]
[Source "ChessBase"]
[SourceQuality "1"]
[TimeControl "5400+30"]

1. e4 c5 2. Nf3 Nc6 3. Bb5 e6 4. O-O Nge7 5. d4 cxd4 6. Nxd4 Nxd4 7. Qxd4 a6 8. Bd3 d5 9. Qe3 Bd7 10. c4 dxc4 11. Bxc4 Qc7 12. Be2 Ng6 13. Bd2 Bd6 14. g3 h5 15. Bc3 e5 16. Nd2 Bc5 17. Qg5 h4 18. Nf3 hxg3 19. hxg3 Be7 20. Qd2 Bc6 21. Rfc1 Qc8 22. Bf1 Qg4 23. Bg2 Rd8 24. Qe3 Qxe4 25. Qxe4 Bxe4 26. Nxe5 Bxg2 27. Kxg2 Nf8 28. Ba5 Rb8 29. Rh1 Rxh1 30. Rxh1 f6 1/2-1/2

[Event "Benidorm Open-B 2022"]
[Site "Benidorm"]
[Date "2022.12.08"]
[Round "7.8"]
[White "Izquierdo Carbellido, Pablo"]
[Black "Gomez Fernandez, Fulgencio"]
[Result "1-0"]
[ECO "D02"]
[WhiteElo "1900"]
[BlackElo "1727"]
[Annotator "TA"]
[PlyCount "81"]
[EventDate "2022.12.03"]
[EventType "swiss"]
[EventCountry "ESP"]
[SourceTitle "playchess.com"]
[Source "ChessBase"]
[SourceQuality "1"]
[TimeControl "5400+30"]

1. d4 d5 2. c4 Bf5 3. Nf3 e6 4. Nc3 c6 5. cxd5 exd5 6. Bf4 Nd7 {D31: Queen's Gambit Declined: Semi-Slav without ...Nf6 (+ Marshall Gambit and Noteboom) and Exchange Variation lines without ...Nf6.} 7. e3 Ngf6 8. a3 {8.h3 is setting a new trend.} a5 {The position is equal.} 9. Be2 Be7 10. h3 Ne4 11. Nxe4 Bxe4 12. O-O {[#]} g5 $146 ({Predecessor:} 12... O-O 13. Rc1 Qb6 14. Bd3 Bxd3 15. Qxd3 Qa6 16. Qc2 Qb5 17. Ng5 Bxg5 18. Bxg5 Rfe8 {½-½ (58) Hansen,K (2242)-Plank,F (2236) Austria 2003}) 13. Bh2 h6 ({Black should try} 13... O-O $11) 14. Ne5 (14. Bd3 $14) 14... Nxe5 $11 15. Bxe5 Rg8 (15... O-O $14) 16. Qb3 $1 $16 b5 {[#]} (16... Ra7 $16) 17. Qc3 (17. a4 $1 $18) 17... Ra6 18. b4 ({Better is} 18. f3 $16 Bg6 19. e4) 18... Bf5 19. Rfc1 a4 20. Bd3 Qd7 21. g4 Bg6 22. Qc2 Bxd3 23. Qxd3 {Qh7 is the strong threat.} h5 (23... f5 $142) 24. Qh7 {White is more active.} Rf8 {[#]} 25. Qxh5 ({But not} 25. gxh5 $6 Qxh3 26. Rc3 Qg4+ 27. Bg3 Kd7 $16) (25. Bg7 $1 $18 ) 25... Kd8 $2 (25... Qe6 $16 26. Re1 Qg6) 26. Bg7 $18 Ke8 (26... Rg8 27. Qxf7 Qe8) 27. Bxf8 Bxf8 28. Qxg5 c5 29. dxc5 Rg6 30. Qe5+ Re6 31. Qf5 Qc7 32. Qxd5 Bg7 33. Ra2 Rh6 34. Qe4+ Kf8 35. Qf3 Rf6 36. Qa8+ Ke7 37. Rd1 {White threatens Rad2 and mate.} Rc6 38. Rad2 {White wants to mate with Qg8.} Kf6 39. Rd6+ {White mates.} Rxd6 40. Rxd6+ Kg5 41. Qd5+ {Weighted Error Value: White=0.22 (precise) /Black=0.55} 1-0

[Event "Benidorm Open-B 2022"]
[Site "Benidorm"]
[Date "2022.12.08"]
[Round "7.9"]
[White "Aadith R"]
[Black "Place, Nicholas"]
[Result "1-0"]
[ECO "B13"]
[WhiteElo "1714"]
[BlackElo "1967"]
[Annotator "TA"]
[PlyCount "49"]
[EventDate "2022.12.03"]
[EventType "swiss"]
[EventCountry "ESP"]
[SourceTitle "playchess.com"]
[Source "ChessBase"]
[SourceQuality "1"]
[TimeControl "5400+30"]

1. e4 c6 2. d4 d5 3. exd5 cxd5 4. Nf3 Nf6 5. h3 Nc6 6. Bd3 g6 7. O-O Bg7 8. c3 O-O 9. Bf4 a6 10. Nbd2 {[%cal Bb1d2,Bd2b3,Bb3c5][%mdl 32] B13: Caro-Kann: Exchange Variation and Panov-Botvinnik Attack.} b5 {[#]} 11. Rc1 $146 ({Predecessor:} 11. Re1 b4 12. Rc1 bxc3 13. Rxc3 Bd7 14. Nb3 a5 15. Nc5 Nb4 16. Bb1 Rc8 17. a3 Nc6 {1-0 (83) Nguyen,T (2259)-Li,X (2328) Chess.com INT 2021}) 11... Bf5 12. Bxf5 {White is slightly better.} gxf5 13. Ne5 Qb6 14. Nb3 e6 15. Nc5 Ra7 {Prevents Ned7.} 16. Re1 {[%cal Bf1e1,Be1e3,Be3g3][%mdl 32] White is much more active. The black rooks are badly placed.} (16. Nxc6 {simplifies} Qxc6 17. Nd3 Re8 18. Re1) 16... Nxe5 17. dxe5 ({Reject} 17. Rxe5 Ne4 $11) 17... Nd7 18. Nxd7 Rxd7 19. Re3 Kh8 20. Qh5 Rg8 21. Rg3 Qc7 22. Qh4 {Black must now prevent Rd1.} Rdd8 $2 (22... Bxe5 $2 23. Rxg8+ Kxg8 24. Qg3+ Kf8 25. Bxe5 $18) (22... Qd8 $14 23. Bg5 Qf8) 23. Bg5 $18 {[#] And now Bf6 would win.} Rde8 24. Bf6 {White wants to mate with Qh6.} Qc4 25. Qh6 {Weighted Error Value: White=0.11 (very precise) /Black=0.77} 1-0